 Dungeon Crawl Stone Soup version 0.18-a0-917-g8a3da5b (webtiles) character file.

165 Duffy the Insei (level 5, 0/41 HPs)
             Began as a Mummy Monk on Dec 26, 2015.
             Slain by Menkaure (14 damage)
             ... on level 4 of the Dungeon.
             The game lasted 00:03:29 (3442 turns).

Duffy the Insei (Mummy Monk)                        Turns: 3442, Time: 00:03:30

Health: 0/41       AC:  6    Str: 15    XL:     5   Next: 21%
Magic:  5/5        EV: 11    Int:  9    God:
Gold:   102        SH:  0    Dex: 15    Spells: 0 memorised, 4 levels left

rFire  x . .     SeeInvis .       - Unarmed
rCold  + + .     Gourm    .     f - +0 ring mail
rNeg   + + +     Faith    .     (no shield)
rPois  ∞         Spirit   .     (no helmet)
rElec  .         Dismiss  .     c - +0 cloak
rCorr  .         Reflect  .     (no gloves)
SustAt .         Harm     .     (no boots)
MR     .....                    (no amulet)
Stlth  +.........               (no ring)
                                g - ring of protection from cold

@: not resistant to hostile enchantments, very unstealthy
A: no food or potions, fire vulnerability, cold resistance 1, negative energy
resistance 3, torment resistance, unbreathing
a: no special abilities


You were on level 4 of the Dungeon.
You were not hungry.

You visited 1 branch of the dungeon, and saw 5 of its levels.

You collected 102 gold pieces.


Innate Abilities, Weirdness & Mutations

You do not eat or drink.
Your flesh is vulnerable to fire.
You are immune to poison.
Your flesh is cold resistant.
You are immune to negative energy.
You are immune to unholy pain and torment.
You can survive without breathing.


   Skills:
 - Level 3.0 Fighting
 - Level 2.4 Dodging
 - Level 1.5 Stealth
 + Level 5.4 Unarmed Combat


You had 4 spell levels left.
You didn't know any spells.

Inventory:

Missiles
 i - 4 tomahawks (quivered)
Armour
 c - a +0 cloak (worn)
 f - a +0 ring mail (worn)
Jewellery
 g - a ring of protection from cold (left hand)
Wands
 e - a wand of fireball (11/15)
Scrolls
 a - 3 scrolls of teleportation {unknown}
 b - 3 scrolls of remove curse {unknown}
 d - 4 scrolls of identify {unknown}
 h - a scroll of enchant weapon {unknown}

Dungeon Overview and Level Annotations

Branches:
Dungeon (5/15)
 Temple: D:4-7

Altars:

Annotations:
D:2 Edmund
D:3 exclusion: hippogriff, filipzpl's ghost, amateur MfTm
D:4 Menkaure


Message History

You are too injured to fight recklessly!
You are too injured to fight recklessly!
You are too injured to fight recklessly!
You are too injured to fight recklessly!
You hit Menkaure.
Menkaure is heavily damaged.
Menkaure hits you.
You hit Menkaure but do no damage.
Menkaure is heavily damaged.
You barely miss Menkaure.
Menkaure is heavily damaged.
Menkaure closely misses you.
You hit Menkaure.
Menkaure is heavily damaged.
Menkaure gestures at you while chanting.
You are unaffected.
You hit Menkaure but do no damage.
Menkaure is heavily damaged.
Menkaure closely misses you.
You hit Menkaure.
Menkaure is severely damaged.
You hit Menkaure but do no damage.
Menkaure is severely damaged.
Menkaure misses you.
You hit Menkaure but do no damage.
Menkaure is severely damaged.
Menkaure casts a spell.
Menkaure seems to speed up.
You barely miss Menkaure.
Menkaure is severely damaged.
Menkaure closely misses you.
You hit Menkaure.
Menkaure is almost destroyed.
Menkaure hits you!
You die...

.. ##
#.##..#
##.##.##..#
......#..#
......#..#
.....#..#
#).##..#
#####<.##M.#
%.....
+........@.#
......
#..........#
......
#........>.#
#$..o
##.######+##
#....###.###
#..........#
#..........#
#..0.<.....+
#...####.###


You could see Menkaure.

Action                   |  1- 3 |  4- 6 || total
-------------------------+-------+-------++-------
Melee: Unarmed           |   138 |   163 ||   301
 Stab: Sleeping          |     1 |       ||     1

Notes
Turn   | Place    | Note
--------------------------------------------------------------
     0 | D:1      | Duffy the Mummy Monk began the quest for the Orb.
     0 | D:1      | Reached XP level 1. HP: 18/18 MP: 1/1
   172 | D:1      | Reached XP level 2. HP: 20/24 MP: 2/2
   572 | D:1      | Reached skill level 4 in Unarmed Combat
   993 | D:2      | Noticed Ijyb
  1016 | D:2      | Killed Ijyb
  1016 | D:2      | Reached XP level 3. HP: 16/29 MP: 3/3
  1470 | D:2      | Noticed Natasha
  1483 | D:1      | Reached XP level 4. HP: 35/35 MP: 4/4
  1871 | D:3      | Reached skill level 5 in Unarmed Combat
  2039 | D:3      | Noticed a hippogriff
  2158 | D:3      | Noticed filipzpl's ghost (amateur MfTm)
  2558 | D:4      | Noticed Edmund
  2822 | D:1      | Reached XP level 5. HP: 24/41 MP: 5/5
  2981 | D:2      | Killed Natasha
  3316 | D:4      | Noticed Menkaure
  3319 | D:5      | Entered Level 5 of the Dungeon
  3442 | D:4      | Slain by Menkaure

Vault maps used:
D:1:      lemuel_arrival_tunnels, minmay_misc_feat_alley
D:2:      uniq_natasha, uniq_iyjb
D:4:      serial_shops, kennysheep_little_box, first_bread, uniq_grinder,
          uniq_menkaure, uniq_edmund
D:5:      overflow_temple_1_default, serial_shops, nicolae_shop_statue_plus

Vanquished Creatures
  Ijyb Natasha
  6 adders
  An ooze
  A worm
  A giant gecko
  2 orcs
  A ball python
  5 giant cockroaches
  5 goblins
  7 hobgoblins
  A quokka
  7 bats
  A giant newt
  13 kobolds
  7 rats
60 creatures vanquished.
